 Dungeon Crawl Stone Soup version 0.17-a0-1115-g0372368 (webtiles) character file.

85 KlotserJr the Shooter (level 4, 0/29 HPs)
             Began as a High Elf Hunter on May 22, 2015.
             Slain by a hungry ghost (1 damage)
             ... while paralysed
             ... on level 3 of the Dungeon.
             The game lasted 00:10:27 (1750 turns).

KlotserJr the Shooter (High Elf Hunter)             Turns: 1750, Time: 00:10:28

Health: 0/29       AC:  3    Str: 11    XL:     4   Next: 25%
Magic:  5/5        EV: -3    Int: 15    God:
Gold:   122        SH:  0    Dex: 16    Spells: 0 memorised, 3 levels left

rFire  . . .     SeeInvis .     a - +0 short sword
rCold  . . .     Clarity  .     d - +0 leather armour
rNeg   . . .     SustAt   .     (no shield)
rPois  .         Gourm    .     (no helmet)
rElec  .         Spirit   .     (no cloak)
rCorr  .         Warding  .     (no gloves)
rMut   .         Stasis   .     (no boots)
MR     .....                    (no amulet)
Stlth  ++........               (no ring)
                                (no ring)

@: paralysed, starving, not resistant to hostile enchantments, unstealthy
A: no striking features
a: no special abilities


You were on level 3 of the Dungeon.
You were starving.

You visited 1 branch of the dungeon, and saw 3 of its levels.

You collected 122 gold pieces.

Inventory:

Hand weapons
 a - a +0 short sword (weapon)
 b - a +1 shortbow
Missiles
 c - 54 arrows
 s - 13 arrows of flame
Armour
 d - a +0 leather armour (worn)
 m - a +0 robe
 o - a +0 robe
Jewellery
 r - an uncursed ring of stealth {unknown}
Scrolls
 h - 4 scrolls of identify {unknown}
 l - a scroll of noise {unknown}
 n - 2 scrolls of remove curse {unknown}
 p - a scroll of amnesia {unknown}
 q - a scroll of teleportation {unknown}
 t - a scroll of random uselessness {unknown}
Potions
 f - a potion of cancellation {unknown}
 j - 2 potions of curing {unknown}
 k - 2 potions of haste {unknown}
Comestibles
 e - 2 bread rations
 g - a meat ration
 i - 4 fruits
 u - a chunk of flesh
 v - a royal jelly


   Skills:
 - Level 2.2 Fighting
 * Level 0.2 Short Blades
 + Level 6.9 Bows
 * Level 2.9 Dodging
 * Level 1.6 Stealth


You had 3 spell levels left.
You didn't know any spells.

Dungeon Overview and Level Annotations

Branches:
Dungeon (3/15)

Altars:
Ashenzari
Nemelex Xobeh
Qazlal


Message History

There is a stone staircase leading up here.
The hungry ghost hits you.
* * * LOW HITPOINT WARNING * * *
You feel slightly more hungry.
You lose consciousness!
The hungry ghost hits you but does no damage. x2
The hungry ghost hits you.
* * * LOW HITPOINT WARNING * * *
You feel slightly more hungry. The hungry ghost hits you.
* * * LOW HITPOINT WARNING * * *
You feel slightly more hungry. The hungry ghost hits you.
* * * LOW HITPOINT WARNING * * *
You feel slightly more hungry. The hungry ghost hits you.
* * * LOW HITPOINT WARNING * * *
You feel slightly more hungry. The hungry ghost hits you.
You die...

#..........#.#######.#
#.####..#>##.# #.##
###).(....# #... #
#......#### #### #.
#.##.### # #.##.##.# #
#.......# ## ###..W###
#. ##....@## ###.
#.......# #...
##.[...## #... ##...##
#... ##.## ###. #.# #.
####.#### ## #.......#
# ### #.##.##.# .


You could see a hungry ghost.

Vanquished Creatures
  2 adders
  An ooze (D:1)
  5 bats
  5 giant cockroaches
  7 goblins
  14 hobgoblins
  5 jackals
  6 kobolds
  2 quokkas
  A ball python (D:3)
  3 giant newts
  7 rats
58 creatures vanquished.

Notes
Turn   | Place    | Note
--------------------------------------------------------------
     0 | D:1      | KlotserJr the High Elf Hunter began the quest for the Orb.
     0 | D:1      | Reached XP level 1. HP: 14/14 MP: 2/2
   100 | D:1      | Reached XP level 2. HP: 19/19 MP: 3/3
   303 | D:1      | Reached skill level 6 in Bows
   422 | D:1      | Reached XP level 3. HP: 24/24 MP: 4/4
  1207 | D:2      | Reached XP level 4. HP: 29/29 MP: 5/5
  1558 | D:3      | Found a sparkling altar of Nemelex Xobeh.
  1694 | D:3      | Found a stormy altar of Qazlal.
  1694 | D:3      | Found a shattered altar of Ashenzari.
  1694 | D:3      | Noticed a hungry ghost
  1749 | D:3      | HP: 1/29 [hungry ghost (2)]
  1750 | D:3      | Slain by a hungry ghost

Vault maps used:
D:1:      elethiomel_arrival_quiet, minmay_distorted
D:3:      nemelex_deck, grunt_temple_overflow_open

Action                   |  1- 3 |  4- 6 || total
-------------------------+-------+-------++-------
Melee: Short sword       |    38 |     8 ||    46
 Fire: Shortbow          |    94 |    18 ||   112
  Eat: Chunk             |       |     2 ||     2
